 Dungeon Crawl Stone Soup version 0.31-a0-595-g4209ae197b (webtiles) character file.

Game seed: 12094796882126622019

786 Descartes the Sneak (level 7, -2/32 HPs)
             Began as a Felid Shapeshifter on Aug 20, 2023.
             Slain by Grinder (6 damage)
             ... while paralysed by Grinder
             ... on level 6 of the Dungeon.
             The game lasted 00:07:54 (5529 turns).

Descartes the Sneak (Felid Shapeshifter)            Turns: 5529, Time: 00:07:55

Health: -2/32      AC:  2    Str: 13    XL:     7   Next: 56%
Magic:  8/8        EV:  4    Int:  9    God:
Gold:   276        SH:  0    Dex: 17    Spells: 6/6 levels left
                                        Lives:  0   Deaths: 2

rFire   . .          .
                       - Unarmed
rCold   . . .        (shield unavailable)
rNeg    . . .        (body armour unavailable)
rPois   .            (helmet unavailable)
rElec   .            (cloak unavailable)
rCorr   .            (gloves unavailable)
SInv    +            (boots unavailable)
Will    +....        (no amulet)
Stlth   ++++         (no ring)
HPRegen 0.25/turn    (no ring)
MPRegen 0.11/turn

%: no passive effects
@: paralysed, beast-form, quick
A: beast (slay +3), very small, claws 1, fangs 3, see invisible, speed 1, shaggy
fur 2, stealthy paws, no weapons or thrown items, no armour, multi-lived
a: Begin Untransformation


You were on level 6 of the Dungeon.
You were a hulking beast.
You visited 1 branch of the dungeon, and saw 6 of its levels.

You collected 276 gold pieces.

Inventory:

Jewellery
 h - a ring of fire
 v - an amulet of regeneration
Talismans
 b - a beast talisman (active)
 c - a flux talisman
 i - a blade talisman
 o - a beast talisman (active)
Wands
 x - a wand of flame (1)
Scrolls
 a - a scroll of blinking {unknown}
 e - 3 scrolls of noise {unknown}
 g - a scroll of revelation {unknown}
 k - 2 scrolls of fog {unknown}
 l - a scroll of enchant armour {unknown}
 m - a scroll of amnesia {unknown}
 p - a scroll of identify {unknown}
 q - a scroll of teleportation {unknown}
 r - a scroll of fear {unknown}
 s - 2 scrolls of enchant weapon {unknown}
 t - a scroll of immolation {unknown}
 w - a scroll of silence {unknown}
 y - a scroll of brand weapon {unknown}
Potions
 d - a potion of cancellation {unknown}
 j - a potion of haste {unknown}
 n - 3 potions of enlightenment {unknown}
 u - 2 potions of attraction {unknown}


   Skills:
 + Level 4.1 Fighting
 + Level 5.7 Dodging
 * Level 7.5 Stealth
 * Level 6.1 Unarmed Combat
 + Level 4.8 Shapeshifting


You had 6 spell levels left.
You didn't know any spells.
Your spell library contained the following spells:

 Spells                   Type           Power      Damage    Failure   Level
 Apportation              Tloc           0%         N/A       38%         1
 Foxfire                  Conj/Fire      0%         2x1d4     38%         1
 Kiss of Death            Conj/Necr      0%         2d5       38%         1
 Passwall                 Tmut/Erth      0%         N/A       52%         2
 Wereblood                Tmut           0%         N/A       52%         2
 Alistair's Intoxication  Tmut/Pois      0%         N/A       100%        5
 Plasma Beam              Fire/Air       0%         2x1d10    100%        6
 Starburst                Conj/Fire      0%         6d3       100%        6


Dungeon Overview and Level Annotations

Branches:
Dungeon (6/15)
 Temple: D:4-7

Altars:
Makhleb
Nemelex Xobeh
Ru
Vehumet
Xom
Zin
The Shining One

Shops:
D:1 *

Annotations:
D:2 Terence
D:3 1 runed translucent door, Crazy Yiuf
D:6 Grinder


Innate Abilities, Weirdness & Mutations

You are a hulking beast.
Your limbs bulge with bestial killing power. (Slay +3)
You have sharp claws.
You have razor-sharp teeth.
You have supernaturally acute eyesight. (SInv)
You cover ground quickly. (Speed+)
You are covered in thick fur. (AC +2)
Your paws help you pounce on unaware monsters.
You are incapable of wielding weapons or throwing items.
You cannot wear armour.
You gain extra lives every three experience levels.


Message History

You barely miss the hound. The hound completely misses you.
The hound barely misses you.
You claw the hound! x2
You kill the hound!
Grinder blinks!
The orc hits you with a +0 short sword.
Your life force feels restored.
You scratch the orc. Your bite misses the orc.
The orc is moderately wounded.
The orc barely misses you.
You claw the orc!
You kill the orc!
You closely miss Grinder. Your bite misses Grinder. You closely miss Grinder.
Grinder misses you.
You barely miss Grinder. Grinder hits you!
You writhe in agony.
You scratch Grinder. You bite Grinder.
Grinder is lightly wounded.
Grinder hits you!
You writhe in agony.
* * * LOW HITPOINT WARNING * * *
You barely miss Grinder.
Grinder is lightly wounded.
Grinder closely misses you.
You scratch Grinder.
Grinder is moderately wounded.
Grinder completely misses you.
You feel much better. Grinder barely misses you.
You barely miss Grinder.
Grinder is moderately wounded.
The hound misses you. Grinder hits you!
You writhe in agony.
You claw Grinder!
Grinder is severely wounded.
The hound closely misses you. Grinder gestures at you.
You suddenly lose the ability to move!
The hound bites you but does no damage. The hound barely misses you.
Grinder hits you!
You writhe in agony.
The hound bites you but does no damage. Grinder hits you.
* * * LOW HITPOINT WARNING * * *
You writhe in agony.
You die...
Grinder says, "Now the real fun starts!"

#####....#.........
#........#.........
..................
............#....
#................
#...............#
#........5......#
#.<......hh......
####...........###.
#.........)........
#.##.....)...####..
#...##.......# .
........).....#
#...............#
#....[............
###.#...........#.


You could see Grinder and a hound.

Vanquished Creatures
  Edmund (D:5)
  A black bear (D:4)
  2 ogres (D:5)
  A centaur (D:4)
  2 scorpions
  Blork the orc (D:5)
  A wight (D:6)
  A crimson imp (D:5)
  A jelly (D:5)
  5 orc priests
  A hound (D:6)
  6 iguanas
  2 sleepcaps (D:4)
  Jessica (D:2)
  4 adders
  An ufetubus (D:4)
  2 worms
  2 dart slugs (D:3)
  13 orcs
  5 bats
  5 endoplasms
  4 giant cockroaches
  9 hobgoblins
  13 jackals
  2 quokkas
  10 ball pythons
  2 frilled lizards
  8 goblins
  8 kobolds
  13 rats
127 creatures vanquished.

Notes
Turn   | Place    | Note
-------+----------+-------------------------------------------
     0 | D:1      | Descartes the Felid Shapeshifter began the quest for the
                  | Orb.
     0 | D:1      | Reached XP level 1. HP: 9/9 MP: 2/2
   199 | D:1      | Reached skill level 1 in Stealth
   201 | D:1      | Reached XP level 2. HP: 11/12 MP: 3/3
   432 | D:1      | Reached skill level 2 in Stealth
   441 | D:1      | Reached XP level 3. HP: 9/15 MP: 4/4
   497 | D:1      | Found Derobioz's Assorted Antiques.
   810 | D:2      | Got the Volume of Despicable Secrets and the Body
   962 | D:2      | You fall into a shaft and drop 2 floors!
   965 | D:4      | Found a sacrificial altar of Ru.
  1291 | D:3      | Reached XP level 4. HP: 14/19 MP: 5/5
  1295 | D:2      | Noticed Jessica
  1304 | D:2      | Slain by a rat
  1305 | D:2      | Reached XP level 3. HP: 0/16 MP: 4/4
  1309 | D:2      | Killed Jessica
  1397 | D:2      | Reached skill level 3 in Stealth
  1675 | D:2      | Noticed Terence
  1831 | D:2      | Reached XP level 4. HP: 18/19 MP: 5/5
  2291 | D:3      | Found a faded altar of an unknown god.
  2463 | D:3      | Found a runed translucent door.
  2464 | D:3      | Noticed Crazy Yiuf
  2508 | D:3      | Found a sparkling altar of Nemelex Xobeh.
  2637 | D:3      | Found a glowing silver altar of Zin.
  2700 | D:3      | Reached XP level 5. HP: 9/23 MP: 6/6
  2707 | D:3      | Reached skill level 4 in Stealth
  2877 | D:3      | Found a shimmering altar of Xom.
  3255 | D:4      | Noticed a centaur
  3264 | D:4      | Killed a centaur
  3265 | D:4      | Gained mutation: You are covered in thick fur. (AC +2)
                  | [Felid growth]
  3265 | D:4      | Reached XP level 6. HP: 9/27 MP: 7/7
  3727 | D:5      | Entered Level 5 of the Dungeon
  3737 | D:4      | Reached skill level 5 in Stealth
  3830 | D:4      | Reached XP level 7. HP: 26/31 MP: 8/8
  3929 | D:5      | Reached skill level 5 in Unarmed Combat
  3932 | D:5      | Found a glowing golden altar of the Shining One.
  3953 | D:5      | Reached skill level 6 in Stealth
  4057 | D:5      | Reached skill level 5 in Dodging
  4093 | D:5      | Noticed Blork the orc
  4096 | D:5      | Killed Blork the orc
  4472 | D:5      | Noticed Edmund
  4578 | D:5      | Reached XP level 8. HP: 28/36 MP: 9/9
  4776 | D:5      | Reached skill level 7 in Stealth
  4894 | D:5      | Slain by Edmund
  4895 | D:5      | Reached XP level 7. HP: -3/31 MP: 8/8
  4928 | D:5      | Killed Edmund
  5003 | D:5      | Found a radiant altar of Vehumet.
  5004 | D:5      | Found a burning altar of Makhleb.
  5510 | D:6      | Noticed Grinder
  5527 | D:6      | Paralysed by Grinder for 2 turns
  5529 | D:6      | Slain by Grinder

Illustrated notes

Levels and vault maps discovered:
D:1:      giann_bridges, layout_loops_ring, serial_shops,
          nicolae_shop_statue_plus, dk_noncrumbling_4, minmay_tromino_i4
D:2:      layout_basic, uniq_terence, uniq_jessica
D:3:      layout_loops_ring, zin_academy, lemuel_crystal_altar,
          nemelex_dance_club_becter, ebering_ecumenical_altar_abandoned,
          uniq_crazy_yiuf_cottage
D:4:      layout_gridville, nicolae_ru_awakened_eye
D:5:      layout_loops_ring, grunt_temple_overflow_lords_of_destruction,
          tso_metal_star, uniq_blork_the_orc, uniq_edmund
D:6:      layout_basic, minmay_temple_entry_mist, amcnicky_mini_pool_small,
          uniq_menkaure, uniq_grinder

Skill      XL: |  1  2  3  4  5  6  7  8 |
---------------+-------------------------+-----
Stealth        | 1 2 3 4 5 6 7 |  7.5
Dodging        | 3 4 5 |  5.7
Fighting       | 2 3 4 |  4.1
Unarmed Combat | 4 6 |  6.1
Shapeshifting  | 4 |  4.8

Action                     |  1- 3 |  4- 6 |  7- 9 || total
---------------------------+-------+-------+-------++-------
  Melee: Unarmed           |   138 |   119 |   110 ||   367
         Punch             |     2 |     4 |     5 ||    11
         Bite              |     7 |    14 |    16 ||    37
    Use: Potion            |       |       |     4 ||     4
   Stab: Sleeping          |     8 |     7 |     3 ||    18
         Distracted        |       |     1 |       ||     1
 Armour: Skin              |     3 |    10 |     5 ||    18
  Dodge: Dodged            |   110 |    87 |    85 ||   282
   Form: Blade             |       |       |     1 ||     1
         Beast             |       |       |     1 ||     1
         Flux              |       |       |     1 ||     1

Table legend: (Time is in decaauts)
 A = Elapsed time spent in this place.
 B = Non-inter-level travel time spent in this place.
 C = Inter-level travel time spent in this place.
 D = Time resting spent in this place.
 E = Time spent auto-exploring this place.
 F = Levels seen in this place.
 G = Mean time per level.
                   A        B        C        D        E       F      G
               +--------+--------+--------+--------+--------+-----+--------+
         Total |   4745 |   4588 |    157 |      0 |   3681 |   6 |  790.8 |
       Dungeon |   4745 |   4588 |    157 |      0 |   3681 |   6 |  790.8 |
               +--------+--------+--------+--------+--------+-----+--------+

Top non-repeatable levels by time:
     D:5: 1214 daAuts
     D:4: 1069 daAuts
     D:2: 938 daAuts
     D:3: 775 daAuts
     D:1: 649 daAuts
     D:6: 98 daAuts
